← All builds
Geo / Armada / Economy first / OBSERVED BUILD

Standard geo

Armada Geo build order · Supreme Isthmus

The role's usual economy-first play: geothermal into T2 constructor and Advanced Geothermal, then T2 units like Starlight brought to front for the team.

Usually blows up the commander for T2 (72%)

#eco #t2 #team support · 1302 distinct matches · 230 players · 55% of Armada Geo games · team won 55% of 1523 · Recently observed

HOW TO PLAY IT

Key timing: T2 constructor by 4:55

  1. Open 2 mex and wind, then Bot Lab by 0:35.
  2. Rush geothermal powerplant to fund T2 ahead of other roles.
  3. Get T2 constructor out to start building T2 units.
  4. Add Vehicle Plant and Advanced Geothermal for the T2 push.
  5. Fly first Starlight to front with a transport from Air.

Phase by phase

TYPICAL OF ITS 1302 GAMES
  1. 1
  2. 2
  3. 3
  4. 4
PLAY THE OPENING

Follow the example game's first 6:00 step by step: what to build now, what comes next, and where it goes. At 1× it keeps pace with your own game.

  1. 1

    Up to the Bot Lab

    Economy
    • Metal Extractor2Mex
    • Wind Turbine4Wind
    Order
    1. Bot LabBot Lab after 2 mex, 4 winddone ~1:11, middle half 0:58–1:21

    By 0:55 in all: 2 mex · 4 wind

    The example game in this phase · 7 steps
    1. Mex ×2
    2. Wind
    3. SentrySentry
    4. Mex
    5. Wind ×3
    6. Energy storage
    7. Bot LabBot Labdone 1:45 · typical 1:11
  2. 2

    Bot Lab to 5:00

    Economy
    • Metal Extractor2Mex
    • Wind Turbine3Wind
    • Energy Converter8Converter
    • Energy Storage1Energy storage
    Order
    1. Geothermal PowerplantGeo after 4 mex, 5 wind, 1 energy storage
    2. Bot LabEat Bot Lab
    Builders
    • Construction Turret5 Con turret
    • Lazarus4 Lazarus
    • Construction Bot2 Con bot
    • Construction Bot1 Con bot for allies
    • Lazarus1 Lazarus for allies

    By 5:00 in all: 4 mex · 7 wind · 1 geo · 8 converter · 1 energy storage · 5 con turret

    The example game in this phase · 19 steps
    1. PawnPawnfor Front
    2. LazarusLazarus ×2
    3. Construction BotCon botfor Beach sea
    4. LazarusLazarus
    5. Construction BotCon bot
    6. LazarusLazarus
    7. LazarusLazarusfor Beach sea
    8. Geothermal PowerplantGeodone 3:30 · typical 3:29
    9. Mex
    10. Construction BotCon botfor Pond
    11. LazarusLazarus
    12. Con turretfor Front
    13. Bot LabEat Bot Labreclaimed for its metal
    14. Con turretfor Front
    15. Con turret
    16. Energy storage
    17. Con turret
    18. Converter ×7
    19. Advanced Metal ExtractorT2 mex ×2done 5:10 · typical 5:38
  3. 3

    5:00 to Vehicle Plant

    Order
    1. Advanced Geothermal PowerplantAdvanced Geothermal Powerplant after 8 wind, 10 converter, 6 con turretin 57% of games
    2. Vehicle PlantVehicle Plant after 9 wind, 10 converter, 6 con turretdone ~7:06, middle half 6:39–7:32

    Some games also: con turret (49%) · converter (48%) · wind (41%)

    By 6:56 in all: 4 mex · 9 wind · 1 geo · 1 Advanced Geothermal Powerplant · 10 converter · 1 energy storage

    The example game in this phase · 4 steps
    1. Advanced Metal ExtractorT2 mex
    2. PrudePrudedone 6:52
    3. Advanced Metal ExtractorT2 mex
    4. Vehicle PlantVehicle Plantdone 6:58 · typical 7:06
  4. 4

    Vehicle Plant to 10:00

    Economy
    • Wind Turbine5Wind
    • Energy Converter4Converter
    Order
    1. Advanced Vehicle PlantAdvanced Vehicle Plant after 10 wind, 11 converter, 6 con turret
    2. Vehicle PlantEat Vehicle Plant
    Builders
    • Construction Vehicle1 Con vehicle
    • Advanced Construction Vehicle1 T2 con vehicle for allies
    Army
    • Starlight2 Starlight
    • Umbra1 Jammer
    • Prophet1 Radar vehicle

    Some games also: con turret (48%) · Jaguar (36%)

    By 10:00 in all: 4 mex · 18 wind · 1 geo · 1 Advanced Geothermal Powerplant · 16 converter · 1 energy storage

    The example game in this phase · 74 steps
    1. Con turret
    2. Construction VehicleCon vehicle
    3. Advanced Vehicle PlantAdvanced Vehicle Plantdone 7:34 · typical 8:02
    4. Vehicle PlantEat Vehicle Plantreclaimed for its metal
    5. StarlightStarlightdone 7:56 · typical 9:04
    6. Wind
    7. ConsulConsul
    8. Converter
    9. ProphetRadar vehicle
    10. Wind
    11. UmbraJammer
    12. StarlightStarlight
    13. BeholderBeholder
    14. Converter
    15. BeholderBeholder
    16. Radar TowerRadar Tower
    17. JaguarJaguar ×2
    18. Fortification WallFortification Wall
    19. Wind
    20. Advanced Construction VehicleT2 con vehiclefor Front
    21. BeamerBeamer
    22. Converter
    23. JaguarJaguar
    24. ArbalestArbalest
    25. Wind
    26. JaguarJaguar
    27. ShredderShreddernot finished by 15:00
    28. Converter
    29. Wind
    30. BeamerBeamer
    31. Wind
    32. Converter
    33. BeamerBeamer
    34. Wind
    35. Converter
    36. Advanced Vehicle PlantAdvanced Vehicle Plantdone 10:42
    37. Wind
    38. UmbraJammer
    39. ProphetRadar vehicle
    40. Advanced Construction VehicleT2 con vehicle
    41. Converter
    42. Wind
    43. ShredderShredder ×2
    44. Wind
    45. Converter
    46. ShredderShredder
    47. ConsulConsul
    48. Fusion ReactorFusiondone 13:40
    49. BeamerBeamer
    50. ShredderShredder
    51. Wind
    52. Con turret
    53. Converter
    54. AmbassadorAmbassadordone 12:32
    55. Wind
    56. Con turret ×2
    57. BeamerBeamer
    58. AmbassadorAmbassador
    59. Converter
    60. Wind ×2
    61. Converter
    62. Wind
    63. BeamerBeamer
    64. T2 converter
    65. Converter
    66. Wind
    67. JaguarJaguar
    68. TracerTracer
    69. Wind
    70. Con turret
    71. JaguarJaguar
    72. Converter
    73. BeamerBeamer
    74. JaguarJaguar ×2

Counts are medians over the build's games: half of them build more, half fewer. The example game is Jockeljkl's (31 OS, 20/09/2026); pick another.

Team trades

IN AT LEAST 30% OF ITS GAMES

You hand over

  • Lazarus1 Lazarus to Beach seafirst at 2:17 · in 75% of games
  • Construction Bot1 Con bot to Beach seafirst at 2:27 · in 87% of games
  • Advanced Construction Vehicle1 T2 con vehicle to Suicide front or Frontfirst at 8:48 · in 63% of games

You get

  • Advanced Construction Bot1 T2 con bot from Techfirst at 4:52 · in 94% of games

How it plays out

Typical game of this build, running totals by minute

Metal produced

020k40k
0:005:0010:0015:00

metal

Enemy metal destroyed

05k10k15k
0:005:0010:0015:00

metal

Own metal lost

02k4k6k
0:005:0010:0015:00

metal

1523 games.

Show as table
ByMetal produced: This buildEnemy metal destroyed: This buildOwn metal lost: This build
1:0033300
2:0085400
3:00152700
4:00267200
5:00369500
6:00564300
7:00802400
8:001134301
9:00144084385
10:0017280480204
11:00201311745534
12:002301236181634
13:002574358182989
14:002858982054440
15:0031360102015610
WHAT THE NUMBERS SAY

Standard Geo play wins about half its games while destroying the most enemy metal by 15:00 among the roles shown here.

  • + Enemy metal destroyed jumps to 10560 by 15:00, highest of all six builds.
  • + Starlight makes up 34% of army, delivering the long-range T2 push.
  • − Own metal lost reaches 5977 by 15:00 from the aggressive T2 push.
  • − First Starlight only arrives in 60% of games, a late or inconsistent push.
THE EXAMPLE YOU ARE READING

Jockeljkl

30.6 OS · 20/09/2026

Open source match ↗

2 received units · includes a constructor
963 metal received · 60417 energy received

Allied construction assistance is unknown. Timings are observations, not a promise of solo reproducibility.

Typical milestones

Bot Lab1:11Middle 50%: 0:58–1:21 · n=1522
Geothermal Powerplant3:29Middle 50%: 3:12–3:47 · n=1515
Advanced Metal Extractor5:38Middle 50%: 5:21–6:01 · n=1514
Vehicle Plant7:06Middle 50%: 6:39–7:32 · n=1472
Advanced Geothermal Powerplant7:11Middle 50%: 6:51–7:42 · n=1101
Advanced Vehicle Plant8:02Middle 50%: 7:40–8:34 · n=1407
Starlight9:04Middle 50%: 8:32–9:47 · n=1271

Played most by

0neTw0120games of this buildzeus_on_god117games of this buildXad53games of this buildTheGeneraI46games of this buildViltrum43games of this build